 Dungeon Crawl Stone Soup version 0.27-a0-773-gaaee5cf45b (webtiles) character file.

Game seed: 904550381232774880

23282 robertstho the Thaumaturge (level 13, 0/96 HPs)
             Began as a Djinni Fire Elementalist on Mar 25, 2021.
             Was an Initiate of Gozag.
             Killed from afar by an oklob plant (11 damage)
             ... with a splash of acid
             ... on level 3 of the Lair of Beasts.
             The game lasted 00:23:27 (10094 turns).

robertstho the Thaumaturge (DjFE)                  Turns: 10094, Time: 00:23:28

Health: 0/96       AC: -12   Str:  7    XL:     13   Next: 5%
Gold:   1675       EV: 14    Int: 33    God:    Gozag SH:  0 Dex: 13

rFire    + + .     SeeInvis .   w - +6 trident of Perversion {speed, rPois Int+4}
rCold    x . .     Faith    .   (no shield)
rNeg     . . .     Spirit   .   a - +0 robe
rPois    ∞         Reflect  .   (no helmet)
rElec    .         Harm     .   s - +0 cloak
rCorr    .         Rampage  .   D - +0 pair of gloves
Will     +....                  (boots unavailable)
Stlth    ++........             t - amulet of regeneration
HPRegen  1.26/turn              o - ring of wizardry
MPRegen  0.00/turn              v - +6 ring of intelligence

@: corroded, gold aura, flying
A: fire resistance 2, cold vulnerability 1, float, innate caster, hp casting,
extra vitality 1
a: Renounce Religion, Potion Petition, Call Merchant, Bribe Branch


You were on level 3 of the Lair of Beasts.
You worshipped Gozag.
Gozag was most pleased with you.
You visited 3 branches of the dungeon, and saw 12 of its levels.

You collected 1759 gold pieces.
You paid 84 gold pieces to Gozag.

Inventory:

Hand Weapons
 f - a +0 dagger
 l - a +0 great sword
 n - a +0 flail of protection
 w - the +6 trident of Perversion (weapon) {speed, rPois Int+4}
   (You found it on level 6 of the Dungeon)

   Attacks with this weapon are significantly faster.
   It affects your intelligence (+4).
   It protects you from poison.
Armour
 a - a +0 robe (worn)
 s - a +0 cloak (worn)
 D - a +0 pair of gloves (worn)
Jewellery
 o - a ring of wizardry (right hand)
 t - an amulet of regeneration (around neck)
 v - a +6 ring of intelligence (left hand)
 B - a +6 ring of dexterity
Wands
 c - a wand of digging (5)
 g - a wand of flame (5)
 q - a wand of polymorph (7)
 y - a wand of acid (9)
Scrolls
 d - a scroll of immolation
 e - a scroll of noise {unknown}
 i - 4 scrolls of fog
 m - 2 scrolls of amnesia {unknown}
 p - 5 scrolls of enchant weapon {unknown}
 u - 4 scrolls of enchant armour {unknown}
 C - a scroll of fear {unknown}
 E - a scroll of teleportation {unknown}
Potions
 b - a potion of magic {unknown}
 h - 2 potions of brilliance
 j - 3 potions of curing {unknown}
 k - a potion of mutation {unknown}
 r - a potion of ambrosia
 x - a potion of resistance
 A - 4 potions of might
 F - a potion of degeneration {unknown}


   Skills:
 * Level 9.8 Fighting
 + Level 3.6 Long Blades
 + Level 2.9 Polearms
 + Level 6.2 Dodging
 - Level 1.5 Stealth
 + Level 14.4 Spellcasting


You had 5 spell levels left.
You knew the following spells:

 Your Spells              Type           Power      Damage    Failure   Level
a - Foxfire               Conj/Fire      100%       2x1d9     0%          1
b - Conjure Flame         Conj/Fire      87%        6-21      0%          3
c - Inner Flame           Hex/Fire       87%        N/A       0%          3
d - Sticky Flame          Conj/Fire      87%        2d10      1%          4
e - Fireball              Conj/Fire      43%        3d17      1%          5
f - Beastly Appendage     Tmut           100%       N/A       0%          1
g - Blink                 Tloc           N/A        N/A       0%          2
h - Lesser Beckoning      Tloc           43%        N/A       0%          3
i - Iskenderun's Mystic   Conj/Tloc      87%        2d17      1%          4
j - Airstrike             Air            43%        N/A       1%          4
k - Yara's Violent Unrav  Hex/Tmut       43%        3d17      1%          5
Your spell library was empty.

Dungeon Overview and Level Annotations

Branches:
Dungeon (10/15)            Temple (1/1) D:6            Lair (3/6) D:10
  Snake (0/4) Lair:3
  Swamp: Lair:2-4    Shoals: Lair:2-4       Orc: D:9-12

Altars:
Elyvilon
Fedhas
Gozag
Hepliaklqana
Kikubaaqudgha
Makhleb
Okawaru
Qazlal
Ru
Sif Muna
Trog
Uskayaw
Vehumet
Xom
Yredelemnul
Zin
The Shining One

Annotations:
Lair:3 exclusion: oklob plant


Innate Abilities, Weirdness & Mutations

You are immune to poison.
Your flesh is very heat resistant. (rF++)
You are vulnerable to cold. (rC-)
You float through the air rather than walking.
You learn spells naturally, not from books.
Your magical power is your life essence.
You have superior vitality. (+4 HP)


Message History

Confirm with . or Enter, or press ? or * to list all spells.
Aiming: Fireball (safe; 1% risk of failure)
Press: ? - help, Shift-Dir - straight line, f/p - oklob plant
Aim: an oklob plant (heavily damaged)
The fireball explodes!
The fireball engulfs the oklob plant.
The oklob plant is heavily damaged.
The oklob plant is no longer distracted by gold.
The fireball engulfs the oklob plant!
The oklob plant is almost destroyed.
* * * LOW HITPOINT WARNING * * *
The oklob plant spits acid at you. The splash of acid hits you!
* * * LOW HITPOINT WARNING * * *
The acid corrodes you!
You are splashed with acid!
* * * LOW HITPOINT WARNING * * *
Casting: Fireball (safe; 1% risk of failure)
Confirm with . or Enter, or press ? or * to list all spells.
You don't have enough health to cast this spell.
You feel much better. The oklob plant spits acid at you.
The splash of acid misses you. The oklob plant spits acid at you.
The splash of acid hits you!
* * * LOW HITPOINT WARNING * * *
The acid corrodes you!
You are splashed with acid!
* * * LOW HITPOINT WARNING * * *
Casting: Fireball (safe; 1% risk of failure)
Confirm with . or Enter, or press ? or * to list all spells.
Aiming: Fireball (safe; 1% risk of failure)
Press: ? - help, Shift-Dir - straight line, f/p - oklob plant
Aim: an oklob plant (heavily damaged)
The fireball explodes!
The fireball engulfs the oklob plant!!
The oklob plant is almost destroyed.
The fireball engulfs the oklob plant!!
You destroy the oklob plant!
* * * LOW HITPOINT WARNING * * *
The oklob plant spits acid at you. The splash of acid hits you!
You die...
Your body crumbles into a pile of gold.

####### #?P$[$# #[.$..# #)..$.#
#.!.(}# #?$$$$# ##..@.P##
#....)..# ##.....## ##....#
##.#P# #P.### ####### ###..#####
#####
.##.#.#######P.#.#.#.####...#####
.................................


You could see an oklob plant.

Vanquished Creatures
  3 hydras
  6 death yaks (Lair:3)
  3 oklob plants (Lair:3)
  5 elephants (Lair:3)
  A black mamba (Lair:3)
  2 centaur zombies (D:10)
  4 cane toads
  5 komodo dragons
  11 blink frogs
  A wyvern (Lair:2)
  30 yaks
  3 basilisks
  Edmund (D:4)
  2 nagas (Lair:3)
  5 water moccasins
  An orc warrior (D:10)
  2 necrophages
  4 ogres
  2 centaurs
  11 wolves
  2 phantoms (D:6)
  11 bullfrogs
  Blork the orc (D:4)
  A wyvern zombie (D:7)
  A water moccasin zombie (D:5)
  A wyvern skeleton (D:2)
  5 scorpions
  3 howler monkeys (D:10)
  6 hounds
  2 jellies
  6 hell rats (Lair:3)
  3 iguanas (D:6)
  Natasha (thrice) (D:4)
  An orc wizard (D:10)
  9 adders
  4 gnolls (D:3)
  A white imp (D:6)
  2 worms (D:2)
  4 dart slugs
  9 orcs
  6 bats
  10 endoplasms
  2 giant cockroaches
  12 goblins
  5 hobgoblins
  16 jackals
  8 kobolds
  2 quokkas
  4 ball pythons
  3 frilled lizards (D:2)
  4 rats
249 creatures vanquished.

Vanquished Creatures (others)
  486 foxfires
  17 fungi
  29 plants
532 creatures vanquished.

Grand Total: 781 creatures vanquished

Notes
Turn   | Place    | Note
-------+----------+-------------------------------------------
     0 | D:1      | robertstho the Djinni Fire Elementalist began the quest for
                  | the Orb.
     0 | D:1      | Reached XP level 1. HP: 15/15 MP: 0/0
   478 | D:1      | Reached skill level 3 in Spellcasting
   478 | D:1      | Reached XP level 2. HP: 20/22 MP: 0/0
  1201 | D:2      | Reached skill level 1 in Fighting
  1201 | D:2      | Reached XP level 3. HP: 14/27 MP: 0/0
  1201 | D:2      | Learned a level 1 spell: Beastly Appendage
  1648 | D:2      | Reached skill level 4 in Spellcasting
  1648 | D:2      | Reached XP level 4. HP: 27/32 MP: 0/0
  1987 | D:2      | Reached XP level 5. HP: 33/38 MP: 0/0
  1987 | D:2      | Learned a level 2 spell: Blink
  3067 | D:3      | Reached XP level 6. HP: 37/43 MP: 0/0
  3781 | D:4      | Reached skill level 5 in Spellcasting
  3873 | D:4      | Noticed Blork the orc
  3877 | D:4      | Killed Blork the orc
  4009 | D:4      | Noticed Edmund
  4029 | D:4      | Killed Edmund
  4030 | D:4      | Reached XP level 7. HP: 39/50 MP: 0/0
  4030 | D:4      | Learned a level 3 spell: Lesser Beckoning
  4460 | D:4      | Noticed Natasha
  4464 | D:4      | Killed Natasha
  4515 | D:4      | Noticed Natasha
  4518 | D:4      | Killed Natasha
  4519 | D:4      | Reached skill level 6 in Spellcasting
  4576 | D:4      | Noticed Natasha
  4582 | D:4      | Killed Natasha
  4696 | D:5      | Entered Level 5 of the Dungeon
  4968 | D:5      | Reached skill level 1 in Long Blades
  5101 | D:5      | Reached XP level 8. HP: 55/58 MP: 0/0
  5380 | D:5      | Reached skill level 7 in Spellcasting
  6509 | D:6      | Found a staircase to the Ecumenical Temple.
  6519 | D:6      | Reached skill level 8 in Spellcasting
  6519 | D:6      | Reached XP level 9. HP: 36/64 MP: 0/0
  6519 | D:6      | Learned a level 4 spell: Iskenderun's Mystic Blast
  6545 | D:6      | Reached skill level 5 in Fighting
  6594 | D:6      | Identified the +6 trident of Perversion {speed, rPois
                  | Int+4}
  6607 | Temple   | Entered the Ecumenical Temple
  6711 | Temple   | Became a worshipper of Gozag Ym Sagoz the Greedy
  6753 | D:6      | Identified the +0 ring mail of Eternal Vigilance {Rampage}
  6824 | D:6      | Found a burning altar of Makhleb.
  6943 | D:6      | Identified the +1 ring mail of the Evil One {rC+}
  7071 | D:7      | You are sucked into a shaft and drop 3 floors!
  7071 | D:10     | Entered Level 10 of the Dungeon
  7140 | D:10     | Found a shimmering altar of Xom.
  7172 | D:10     | Reached skill level 9 in Spellcasting
  7258 | D:10     | Reached XP level 10. HP: 68/72 MP: 0/0
  7504 | D:10     | Found a staircase to the Lair.
  7552 | D:10     | Reached skill level 5 in Dodging
  7556 | D:10     | Reached skill level 1 in Polearms
  7560 | D:10     | Reached skill level 10 in Spellcasting
  7881 | Lair:1   | Entered Level 1 of the Lair of Beasts
  8075 | Lair:1   | You are sucked into a shaft and drop 1 floor!
  8079 | Lair:2   | Reached skill level 11 in Spellcasting
  8080 | Lair:2   | Reached XP level 11. HP: 63/79 MP: 0/0
  8080 | Lair:2   | Learned a level 4 spell: Airstrike
  8322 | Lair:2   | Reached skill level 12 in Spellcasting
  8408 | Lair:2   | Noticed a five-headed hydra
  8411 | Lair:2   | Killed a five-headed hydra
  8574 | Lair:1   | Noticed a seven-headed hydra
  8585 | Lair:1   | Killed a seven-headed hydra
  8641 | Lair:1   | Reached XP level 12. HP: 68/88 MP: 0/0
  9257 | Lair:3   | Reached skill level 13 in Spellcasting
  9479 | Lair:3   | Found a staircase to the Snake Pit.
  9613 | Lair:3   | Noticed a seven-headed hydra
  9617 | Lair:3   | Killed a seven-headed hydra
  9953 | Lair:3   | Noticed a death yak
  9954 | Lair:3   | Noticed a death yak
  9954 | Lair:3   | Noticed a death yak
  9955 | Lair:3   | Noticed a death yak
  9955 | Lair:3   | Noticed a death yak
  9957 | Lair:3   | Killed a death yak
  9957 | Lair:3   | Killed a death yak
  9957 | Lair:3   | Noticed a death yak
  9959 | Lair:3   | Killed a death yak
  9960 | Lair:3   | Reached skill level 14 in Spellcasting
  9961 | Lair:3   | Killed a death yak
  9961 | Lair:3   | Killed a death yak
  9962 | Lair:3   | Killed a death yak
  9974 | Lair:3   | Reached XP level 13. HP: 42/95 MP: 0/0
  9974 | Lair:3   | Learned a level 5 spell: Yara's Violent Unravelling
 10091 | Lair:3   | HP: 2/96 [acid (10)]
 10094 | Lair:3   | Killed from afar by an oklob plant

Illustrated notes

Levels and vault maps discovered:
D:1:      sevenhm_arrival_forest_fort_small_4, layout_rooms
D:2:      layout_basic, hangedman_decor_push, guppyfry_early_orc_mine
D:3:      layout_rooms, glass_columns_a, roderic_malta_cross
D:4:      layout_rooms, uniq_natasha, uniq_edmund, uniq_blork_the_orc
D:5:      layout_gridville, corexii_checkpoint_a, st_stairs_10
D:6:      layout_rooms, makhleb_heckhound_becter, minmay_temple_entry_grid,
          moated_statue
D:7:      layout_loops_corners
D:10:     layout_stronghold, grunt_lair_entry_orc_guard_hut, basic_altar,
          tgw_sif
Temple:   kilobyte_greek_temple
Lair:1:   layout_long_grid, ldierk_geyser
Lair:2:   layout_cave_shapes, minmay_stone_trees_medium,
          infiniplex_staircase_pool_2
Lair:3:   layout_long_grid, guppyfry_snake_entry_garden,
          minmay_lair_oklob_chamber, lemuel_fruit_tree

Skill      XL: |  1  2  3  4  5  6  7  8  9 10 11 12 |
---------------+-------------------------------------+-----
Spellcasting   | 3 4 5 6 8 9 11 12 14 | 14.4
Fighting       | 1 2 3 4 6 7 8 9 |  9.8
Dodging        | 3 4 5 6 |  6.2
Long Blades    | 1 2 3 |  3.6
Polearms       | 1 2 |  2.9
Stealth        | |  1.5

Action                   |  1- 3 |  4- 6 |  7- 9 | 10-12 | 13-15 || total
-------------------------+-------+-------+-------+-------+-------++-------
Melee: Great sword       |       |     2 |    12 |       |       ||    14
       Trident           |       |       |     6 |     6 |       ||    12
 Cast: Foxfire           |    56 |   142 |    88 |       |       ||   286
       Sticky Flame      |       |     1 |    16 |    10 |       ||    27
       Lesser Beckoning  |       |       |     2 |       |       ||     2
       Fireball          |       |       |    27 |   148 |     6 ||   181
       Blink             |       |       |     1 |       |       ||     1
       Iskenderun's Myst |       |       |       |     1 |       ||     1
  Use: Scroll            |       |     4 |     3 |     3 |       ||    10
       Potion            |       |     2 |     1 |       |     1 ||     4
Armor: Robe              |    11 |     9 |    12 |     1 |       ||    33
Dodge: Dodged            |    29 |    24 |    36 |     3 |     1 ||    93
       Rpst.: Great sword |       |     2 |     1 |       |       ||     3

Table legend: (Time is in decaauts)
 A = Elapsed time spent in this place.
 B = Non-inter-level travel time spent in this place.
 C = Inter-level travel time spent in this place.
 D = Time resting spent in this place.
 E = Time spent auto-exploring this place.
 F = Levels seen in this place.
 G = Mean time per level.
                   A        B        C        D        E       F      G
               +--------+--------+--------+--------+--------+-----+--------+
         Total |  10108 |   9812 |    296 |    940 |   7604 |  12 |  842.3 |
       Dungeon |   7760 |   7540 |    220 |    821 |   5746 |   8 |  970.0 |
        Temple |    136 |    104 |     32 |      0 |     98 |   1 |  136.0 |
          Lair |   2211 |   2168 |     43 |    119 |   1760 |   3 |  737.0 |
               +--------+--------+--------+--------+--------+-----+--------+

Top non-repeatable levels by time:
     D:2: 1770 daAuts
     D:5: 1724 daAuts
     D:3: 1094 daAuts
     D:1: 1031 daAuts
  Lair:3: 912 daAuts
     D:4: 810 daAuts
    D:10: 808 daAuts
  Lair:1: 782 daAuts
  Lair:2: 517 daAuts
     D:6: 489 daAuts
  Temple: 136 daAuts
     D:7: 29 daAuts
